 Dungeon Crawl Stone Soup version 0.24.0-123-gd5b16e6ec5 (webtiles) character file.

Game seed: 12780654039062801348, levelgen mode: deterministic

98 AuftragZ the Conjurer (level 4, -3/24 HPs)
             Began as a Deep Elf Conjurer on Jan 24, 2020.
             Was a Follower of Nemelex Xobeh.
             Slain by Sigmund
             ... wielding a +0 scythe
              (12 damage)
             ... on level 3 of the Dungeon.
             The game lasted 00:07:47 (1931 turns).

AuftragZ the Conjurer (Deep Elf Conjurer)           Turns: 1931, Time: 00:07:48

Health: -3/24      AC:  3    Str:  6    XL:     4   Next: 43%
Magic:  2/12       EV: 13    Int: 20    God:    Nemelex Xobeh [*.....]
Gold:   115        SH:  0    Dex: 15    Spells: 9/12 levels left

rFire    . . .     SeeInvis .   b - +4 short sword (drain)
rCold    . . .     Gourm    .   (no shield)
rNeg     . . .     Faith    .   a - +1 robe
rPois    .         Spirit   .   (no helmet)
rElec    .         Reflect  .   (no cloak)
rCorr    .         Harm     .   (no gloves)
MR       .....                  (no boots)
Stlth    ++........             (no amulet)
HPRegen  0.08/turn              (no ring)
MPRegen  0.13/turn              (no ring)

@: very slightly contaminated
A: no striking features
a: Draw Escape, Draw Destruction, Draw Summoning, Renounce Religion


You were on level 3 of the Dungeon.
You worshipped Nemelex Xobeh.
Nemelex Xobeh was aware of your devotion.
You were hungry.

You visited 1 branch of the dungeon, and saw 3 of its levels.

You collected 115 gold pieces.

Inventory:

Hand Weapons
 b - a +4 short sword of draining (weapon)
Armour
 a - a +1 robe (worn)
Jewellery
 d - an uncursed amulet of the acrobat {unknown}
Potions
 e - a potion of might
Comestibles
 c - 6 rations


   Skills:
 - Level 2.4 Dodging
 - Level 2.5 Stealth
 * Level 4.6 Spellcasting
 + Level 5.7 Conjurations


You had 9 spell levels left.
You knew the following spells:

 Your Spells              Type           Power        Failure   Level  Hunger
a - Magic Dart            Conj           ####         1%          1    None
b - Searing Ray           Conj           ####..       1%          2    #......

Your spell library contained the following spells:

 Spells                   Type           Power        Failure   Level  Hunger
 Dazzling Spray           Conj/Hex       ###...       11%         3    ##.....
 Iskenderun's Mystic Bla  Conj           ####....     11%         4    ####...
 Force Lance              Conj/Tloc      ###.....     36%         4    ####...
 Fulminant Prism          Conj/Hex       ###.......   36%         4    ####...


Dungeon Overview and Level Annotations

Branches:
Dungeon (3/15)

Altars:
Nemelex Xobeh
Qazlal

Annotations:
D:3 Sigmund


Message History

Confirm with . or Enter, or press ? or * to list all spells.
Aiming: Searing Ray (safe; 1% risk of failure)
Press: ? - help, Shift-Dir - straight line, f - adder
Aim: an adder The searing ray misses Sigmund.
The searing ray misses the adder. (Press . to maintain the ray.) Sigmund hits you with a +0 scythe!
The searing ray hits Sigmund!
Sigmund is heavily wounded.
The searing ray hits Sigmund!
Sigmund is almost dead.
Sigmund gestures wildly while chanting.
Sigmund flickers and vanishes!
Deactivating autopickup; reactivate with Ctrl-A.
The searing ray hits the adder!
You kill the adder!
You finish channeling your searing ray.
Something hits you!
Ouch! That really hurt!
You die...
Your body glows slightly and disappears.

###############
#..(@{†<.......
#..#############
.... .... ..? ##


There were no monsters in sight!

Vanquished Creatures
  A hound (D:2)
  3 adders
  An ooze (D:2)
  3 worms (D:2)
  A giant cockroach (D:2)
  4 goblins
  4 hobgoblins
  3 bats
  4 frilled lizards
  4 kobolds
  7 rats
35 creatures vanquished.

Notes
Turn   | Place    | Note
-------+----------+-------------------------------------------
     0 | D:1      | AuftragZ the Deep Elf Conjurer began the quest for the Orb.
     0 | D:1      | Reached XP level 1. HP: 10/10 MP: 6/6
   432 | D:1      | Reached XP level 2. HP: 15/15 MP: 6/8
   939 | D:2      | Reached skill level 5 in Conjurations
  1059 | D:2      | Reached XP level 3. HP: 19/19 MP: 3/10
  1117 | D:2      | Learned a level 2 spell: Searing Ray
  1290 | D:2      | Found a stormy altar of Qazlal.
  1309 | D:2      | Reached XP level 4. HP: 24/24 MP: 4/12
  1882 | D:2      | Found a faded altar of an unknown god.
  1884 | D:2      | Became a worshipper of Nemelex Xobeh the Trickster
  1884 | D:2      | Received a gift from Nemelex Xobeh
  1884 | D:2      | Received a gift from Nemelex Xobeh
  1884 | D:2      | Reached * piety under Nemelex Xobeh
  1915 | D:3      | Noticed Sigmund
  1931 | D:3      | Slain by Sigmund

Levels and vault maps discovered:
D:1:      co_arrival_random_square_maze, layout_basic
D:2:      layout_basic, chequers_ecumenical_altar_twisty,
          nicolae_qazlal_general_emergency
D:3:      layout_rooms, lemuel_crystal_altar, zin_statuary, uniq_sigmund

Skill      XL: |  1  2 |
---------------+-------+-----
Conjurations   | 5 |  5.7
Spellcasting   | 4 |  4.6
Dodging        | |  2.4
Stealth        | |  2.5

Action                   |  1- 3 |  4- 6 || total
-------------------------+-------+-------++-------
Melee: Short sword       |     9 |     1 ||    10
 Cast: Magic Dart        |    47 |    13 ||    60
       Searing Ray       |     1 |     4 ||     5
  Use: Scroll            |       |     8 ||     8
       Potion            |       |     2 ||     2
  Eat: Chunk             |       |     2 ||     2
Armor: Robe              |     2 |     1 ||     3
Dodge: Dodged            |     3 |     1 ||     4
